 Dungeon Sprint DCSS version 0.17.2-1-ge4368a0 (webtiles) character file.

996 mopl the Covert (level 7, -4/33 HPs)
             Began as a Spriggan Assassin on Aug 23, 2016.
             Was a Believer of Trog.
             Slain by a killer bee (7 damage)
             ... in the Dungeon (Sprint IV: "Fedhas' Mad Dash").
             The game lasted 00:02:44 (587 turns).

mopl the Covert (Spriggan Assassin)                  Turns: 587, Time: 00:02:44

Health: -4/33      AC:  3    Str:  7    XL:     7   Next: 99%
Magic:  14/15      EV: 17    Int: 12    God:    Trog [**....]
Gold:   72         SH:  0    Dex: 20    Spells: 0 memorised, 6 levels left

rFire  . . .     SeeInvis +     a - +2 dagger
rCold  . . .     Clarity  .     c - +0 robe
rNeg   . . .     SustAt   .     (shield restricted)
rPois  .         Gourm    .     (helmet restricted)
rElec  .         Spirit   .     d - +0 cloak
rCorr  .         Warding  .     (gloves unavailable)
rMut   .         NoTele   +     (boots unavailable)
MR     +....                    (no amulet)
Stlth  +++++++...               (no ring)
                                o - ring of invisibility

@: very slightly contaminated, invisible, very quick, somewhat resistant to
hostile enchantments, extremely stealthy
A: unfitting armour, see invisible, herbivore 3, speed 3, slow metabolism 2
a: Berserk, Trog's Hand, Burn Spellbooks, Renounce Religion, Turn Visible


You were in the Dungeon.
You worshipped Trog.
Trog was pleased with you.
You were full.

You visited 1 branch You collected 105 gold pieces.
You spent 33 gold pieces at shops.

Inventory:

Hand Weapons
 a - a +2 dagger (weapon)
 b - a +0 blowgun
Missiles
 e - 7 poisoned needles
 f - 2 curare-tipped needles
Armour
 c - a +0 robe (worn)
 d - a +0 cloak (worn)
 l - a +0 buckler
Jewellery
 o - a ring of invisibility (left hand)
Scrolls
 m - a scroll of blinking
 n - a scroll of immolation {unknown}
 p - 2 scrolls of remove curse {unknown}
 q - a scroll of identify
Potions
 h - a potion of curing
 i - a potion of heal wounds
 j - a potion of haste
 k - 2 potions of magic


   Skills:
 - Level 1.5 Fighting
 - Level 2.1 Short Blades
 * Level 12.6 Throwing
 - Level 1.5 Dodging
 + Level 14.3 Stealth
 + Level 10.2 Evocations


You had 6 spell levels left.
You didn't know any spells.

Dungeon Overview and Level Annotations

Branches:
Dungeon (1/1)

Altars:
Cheibriados
Dithmenos
Elyvilon
Gozag
Kikubaaqudgha
Makhleb
Nemelex Xobeh
Okawaru
Qazlal
Ru
Sif Muna
Trog
Vehumet
Xom
Yredelemnul
Zin
The Shining One
Beogh
Jiyva
Lugonu

Shops:
D *![%


Innate Abilities, Weirdness & Mutations

You are tiny and cannot use many weapons and most armour.
You have supernaturally acute eyesight.
You are a herbivore.
You cover ground extremely quickly.
You need consume almost no food.


Message History

The killer bee goes berserk!
The killer bee misses you.
You closely miss the queen bee.
The queen bee is severely wounded.
The killer bee stings you. The killer bee barely misses you.
The killer bee stings you.
* * * LOW HITPOINT WARNING * * *
The killer bee barely misses you. x2
The queen bee barely misses you.
You are too injured to fight recklessly!
You barely miss the queen bee.
The queen bee is severely wounded.
The killer bee stings you!
* * * LOW HITPOINT WARNING * * *
The killer bee closely misses you. The killer bee completely misses you.
The killer bee completely misses you. The killer bee misses you.
Unknown command.
The killer bee closely misses you.
Unknown command.
The killer bee closely misses you. The killer bee stings you!
You die...

#######################
#<..P#.....#.....#.⌠...
#PP..'.[...'.#%..'._._.
#PPPP#.....#.#"..#_._._
###############'##._._.
#...♣y@......'...#.⌠...
#%.y.y.♣.....#...######
#..y..♣..♣..######
##+####+#####


You could see a queen bee (wandering) and 3 killer bees.

Vanquished Creatures
  2 wandering mushrooms (D)
  A burning bush (D)
  A killer bee (D)
  2 scorpions (D)
  4 oklob saplings (D)
  A worker ant (D)
  2 spriggans (D)
  A river rat (D)
  A rat (D)
15 creatures vanquished.

Notes
Turn   | Place    | Note
--------------------------------------------------------------
     0 | D        | mopl the Spriggan Assassin began the quest for the Orb.
     0 | D        | Reached XP level 1. HP: 10/10 MP: 2/2
    17 | D        | Reached skill level 6 in Stealth
    19 | D        | Reached skill level 4 in Throwing
    19 | D        | Reached XP level 2. HP: 14/14 MP: 3/3
    30 | D        | Noticed an oklob sapling
    31 | D        | Killed an oklob sapling
    31 | D        | Reached skill level 5 in Throwing
    31 | D        | Reached skill level 8 in Stealth
    31 | D        | Reached XP level 3. HP: 18/18 MP: 4/4
    33 | D        | Noticed a worker ant
    35 | D        | Killed a worker ant
    35 | D        | Reached skill level 6 in Throwing
    57 | D        | Found a snail-covered altar of Cheibriados.
    57 | D        | Found a glowing silver altar of Zin.
    57 | D        | Found a white marble altar of Elyvilon.
    57 | D        | Found a viscous altar of Jiyva.
    57 | D        | Found a radiant altar of Vehumet.
    57 | D        | Found a deep blue altar of Sif Muna.
    57 | D        | Found an ancient bone altar of Kikubaaqudgha.
    57 | D        | Found a bloodstained altar of Trog.
    57 | D        | Found a corrupted altar of Lugonu.
    57 | D        | Noticed an oklob sapling priest
    58 | D        | Found a burning altar of Makhleb.
    58 | D        | Found a sacrificial altar of Ru.
    59 | D        | Found a glowing golden altar of the Shining One.
    59 | D        | Found a sparkling altar of Nemelex Xobeh.
    60 | D        | Found a shadowy altar of Dithmenos.
    61 | D        | Found a shimmering altar of Xom.
    61 | D        | Found an iron altar of Okawaru.
    62 | D        | Found an opulent altar of Gozag.
    63 | D        | Became a worshipper of Trog the Wrathful
    64 | D        | Found a roughly hewn altar of Beogh.
    64 | D        | Found a basalt altar of Yredelemnul.
    65 | D        | Killed an oklob sapling priest
    65 | D        | Reached skill level 7 in Throwing
    65 | D        | Reached skill level 9 in Stealth
    65 | D        | Reached skill level 3 in Evocations
    65 | D        | Reached XP level 4. HP: 22/22 MP: 2/7
    66 | D        | Found a stormy altar of Qazlal.
    74 | D        | Noticed an oklob sapling wizard
    77 | D        | Killed an oklob sapling wizard
    77 | D        | Reached skill level 8 in Throwing
    77 | D        | Reached skill level 10 in Stealth
    77 | D        | Reached skill level 4 in Evocations
    77 | D        | Reached XP level 5. HP: 25/25 MP: 3/9
    87 | D        | Noticed a scorpion
    97 | D        | Killed a scorpion
    97 | D        | Reached * piety under Trog
    97 | D        | Reached skill level 9 in Throwing
    97 | D        | Reached skill level 11 in Stealth
    97 | D        | Reached skill level 5 in Evocations
   111 | D        | Found Tuuskin Vung's Distillery.
   111 | D        | Found Cimo's General Store.
   114 | D        | Bought a scroll of identify for 20 gold pieces
   115 | D        | Bought a potion of poison for 13 gold pieces
   140 | D        | Noticed an oklob sapling
   143 | D        | Killed an oklob sapling
   143 | D        | Reached skill level 6 in Evocations
   222 | D        | Noticed a burning bush
   222 | D        | Noticed a wandering mushroom
   223 | D        | Noticed a scorpion
   223 | D        | Noticed a wandering mushroom
   226 | D        | Killed a wandering mushroom
   226 | D        | Reached skill level 10 in Throwing
   226 | D        | Reached skill level 12 in Stealth
   226 | D        | Reached skill level 8 in Evocations
   226 | D        | Reached XP level 6. HP: 30/30 MP: 8/13
   227 | D        | Killed a wandering mushroom
   227 | D        | Reached skill level 11 in Throwing
   227 | D        | Reached skill level 13 in Stealth
   227 | D        | Reached skill level 9 in Evocations
   227 | D        | Reached XP level 7. HP: 33/33 MP: 8/15
   240 | D        | Killed a burning bush
   240 | D        | Reached skill level 12 in Throwing
   240 | D        | Reached skill level 14 in Stealth
   240 | D        | Reached skill level 10 in Evocations
   245 | D        | Killed a scorpion
   442 | D        | Found Ilud's Food Emporium.
   442 | D        | Found Virhar's Armour Shoppe.
   484 | D        | Noticed a queen bee
   484 | D        | Noticed a killer bee
   575 | D        | Noticed a killer bee
   575 | D        | Noticed a killer bee
   576 | D        | Noticed a killer bee
   579 | D        | Killed a killer bee
   579 | D        | Reached ** piety under Trog
   587 | D        | Slain by a killer bee

Action                   |  1- 3 |  4- 6 |  7- 9 || total
-------------------------+-------+-------+-------++-------
Melee: Dagger            |     4 |    12 |    24 ||    40
 Fire: Blowgun           |     5 |       |       ||     5
Invok: Berserk           |       |       |     1 ||     1
 Abil: Evoke Invisibilit |     1 |     1 |     2 ||     4
  Use: Potion            |       |     1 |       ||     1
 Stab: Sleeping          |     3 |     4 |       ||     7
       Invisible         |       |       |     3 ||     3
  Eat: Bread ration      |       |       |     1 ||     1
